 Dungeon Crawl Stone Soup version 0.30-a0-953-g5f1da4a474 (webtiles) character file.

Game seed: 18324703930634726814

623 mandoloar the Conjurer (level 7, -1/58 HPs)
             Began as a Demigod Conjurer on Mar 29, 2023.
             Slain by Pikel
             ... wielding a +1 whip of flaming
              (4 damage)
             ... on level 3 of the Dungeon.
             The game lasted 00:10:25 (5229 turns).

mandoloar the Conjurer (Demigod Conjurer)           Turns: 5229, Time: 00:10:25

Health: -1/58      AC:  5    Str:  8    XL:     7   Next: 2%
Magic:  3/16       EV: 17    Int: 28    God:
Gold:   210        SH:  0    Dex: 12    Spells: 7/14 levels left

rFire   . . .      SeeInvis .    a - +2 flail (heavy)
rCold   . . .      Faith    .    (no shield)
rNeg    . . .      Spirit   .    d - +0 robe
rPois   .          Reflect  .    m - +2 hat
rElec   .          Rampage  .    q - +0 cloak
rCorr   .                        (no gloves)
Will    .....                    (no boots)
Stlth   ++                       (no amulet)
HPRegen 0.29/turn                n - +5 ring of evasion
MPRegen 0.15/turn                (no ring)

@: hasted, very quick
A: high MP 1, forlorn, divine attributes
a: no special abilities


You were on level 3 of the Dungeon.
You visited 1 branch of the dungeon, and saw 4 of its levels.

You collected 210 gold pieces.

Inventory:

Hand Weapons
 a - a +2 heavy flail (weapon)
Armour
 d - a +0 robe (worn)
 m - a +2 hat (worn)
 q - a +0 cloak (worn)
Jewellery
 j - the ring of Okawaru's Displeasure {EV+5 Str+3}
   (You took it off a goblin on level 3 of the Dungeon)

   [ring of evasion]

   EV:        It affects your evasion (+5).
   Str:       It affects your strength (+3).
 n - a +5 ring of evasion (left hand)
Wands
 o - a wand of flame (17)
Scrolls
 k - a scroll of teleportation {unknown}
Potions
 b - 2 potions of magic
 e - a potion of might
 f - a potion of brilliance {unknown}
 g - a potion of cancellation {unknown}
 h - a potion of curing
 i - a potion of berserk rage {unknown}
 l - a potion of flight {unknown}


   Skills:
 + Level 3.8 Fighting
 - Level 1.7 Dodging
 - Level 1.7 Stealth
 + Level 4.1 Spellcasting
 + Level 5.5 Conjurations


You had 7 spell levels left.
You knew the following spells:

 Your Spells              Type           Power      Damage    Failure   Level
a - Magic Dart            Conj           100%       1d8       1%          1
b - Searing Ray           Conj           72%        2d7       1%          2
c - Fulminant Prism       Conj/Hex       10%        3d8       24%         4

Your spell library contained the following spells:

 Spells                   Type           Power      Damage    Failure   Level
 Dazzling Flash           Conj/Hex       42%        N/A       7%          3
 Iskenderun's Mystic Bla  Conj/Tloc      21%        2d6       24%         4


Dungeon Overview and Level Annotations

Branches:
Dungeon (4/15)
 Temple: D:4-7

Annotations:
D:3 Pikel


Innate Abilities, Weirdness & Mutations

You have an increased reservoir of magic. (+10% MP)
You shall have no god before yourself.
Your divine heritage dramatically boosts your attributes as you level up.


Message History

Pikel is moderately wounded.
Pikel hits you with a +1 whip of flaming.
Pikel burns you.
The searing ray hits Pikel.
Pikel is moderately wounded.
Pikel closely misses you.
The searing ray hits Pikel.
Pikel is heavily wounded.
You finish channelling your searing ray.
Pikel hits you with a +1 whip of flaming!
Pikel burns you.
Casting: Searing Ray (safe; 1% risk of failure)
Confirm with . or Enter, or press ? or * to list all spells.
Aiming: Searing Ray (safe; 1% risk of failure)
Press: ? - help, Shift-Dir - straight line, f/p - Pikel
Aim: Pikel, wielding a +1 whip of flaming and wearing a +0 robe (heavily wounded, 76% to hit)
The searing ray hits Pikel!
Pikel is severely wounded. (Press . to maintain the ray.) Pikel hits you with a +1 whip of flaming.
Pikel burns you.
The searing ray hits Pikel!
Pikel is almost dead.
Pikel hits you with a +1 whip of flaming.
Pikel burns you.
The searing ray hits Pikel.
Pikel is almost dead.
Pikel hits you with a +1 whip of flaming!
Pikel burns you.
* * * LOW HITPOINT WARNING * * *
The searing ray hits Pikel but does no damage.
Pikel is almost dead.
You finish channelling your searing ray.
Pikel hits you with a +1 whip of flaming!
* * * LOW HITPOINT WARNING * * *
Pikel burns you.
* * * LOW HITPOINT WARNING * * *
You feel yourself speed up.
Pikel hits you with a +1 whip of flaming.
You die...

# #.# #.#...'..)8# # #.#
#.#.###♣._## #####.#
###########.#...###.# ......#
#...........###.######
##########.########### #...##.#
...........##################.###
#########...............)........
# #######.##################.###
####...###.##...@K............#
..............#################
####...###.#### # ##### #.#
##########.# ...........#
############


You could see Pikel.

Vanquished Creatures
  Edmund (D:4)
  2 lemures (D:4)
  A scorpion (D:4)
  Crazy Yiuf (D:2)
  Natasha (thrice) (D:2)
  A sleepcap (D:3)
  2 orc wizards (D:4)
  A dart slug (D:3)
  12 orcs
  8 ball pythons
  11 endoplasms
  2 giant cockroaches
  4 goblins
  9 hobgoblins
  3 jackals
  7 kobolds
  2 quokkas
  6 bats
  4 rats
80 creatures vanquished.

Vanquished Creatures (collateral kills)
  Grinder (D:4)
  An orc (D:4)
2 creatures vanquished.

Vanquished Creatures (others)
  A fungus (D:2)
1 creature vanquished.

Grand Total: 83 creatures vanquished

Notes
Turn   | Place    | Note
-------+----------+-------------------------------------------
     0 | D:1      | mandoloar the Demigod Conjurer began the quest for the Orb.
     0 | D:1      | Reached XP level 1. HP: 14/14 MP: 5/5
   150 | D:1      | Reached XP level 2. HP: 22/22 MP: 0/7
   390 | D:1      | Reached skill level 1 in Fighting
   929 | D:1      | Learned a level 2 spell: Searing Ray
  1453 | D:2      | Reached skill level 4 in Conjurations
  1650 | D:2      | Reached XP level 3. HP: 28/28 MP: 7/9
  1750 | D:2      | Noticed Natasha
  1765 | D:2      | Killed Natasha
  1937 | D:2      | Noticed Natasha
  1946 | D:2      | Killed Natasha
  1947 | D:2      | Reached XP level 4. HP: 23/36 MP: 1/10
  1976 | D:2      | Learned a level 4 spell: Fulminant Prism
  2028 | D:2      | Noticed Natasha
  2040 | D:2      | Killed Natasha
  2496 | D:2      | Found a runed translucent door.
  2497 | D:2      | Noticed Crazy Yiuf
  2505 | D:2      | Killed Crazy Yiuf
  2767 | D:3      | Noticed an ogre
  2869 | D:3      | Noticed a spectral centipede
  2869 | D:3      | Noticed a spectral black mamba
  2869 | D:3      | Noticed a spectral cane toad
  3488 | D:3      | Identified the ring of Okawaru's Displeasure {EV+5 Str+3}
  3491 | D:3      | Reached XP level 5. HP: 42/42 MP: 9/12
  4182 | D:4      | Noticed Grinder
  4186 | D:4      | Killed Grinder
  4187 | D:4      | Reached skill level 5 in Conjurations
  4187 | D:4      | Reached XP level 6. HP: 51/51 MP: 12/14
  4835 | D:4      | Noticed Edmund
  4887 | D:4      | Killed Edmund
  4888 | D:4      | Reached XP level 7. HP: 17/58 MP: 2/16
  5204 | D:4      | Noticed Pikel
  5228 | D:3      | HP: 2/58 [Pikel/+1 whip of flaming (4)]
  5229 | D:3      | Slain by Pikel

Illustrated notes

Levels and vault maps discovered:
D:1:      minmay_arrival_stone_box, layout_basic, hangedman_decor_riveting,
          grunt_decor_arrowhead
D:2:      layout_rooms, shapermc_ecumenical_altar_acropolis, fountainhead,
          nrook_uturn, minmay_hexomino_f4, uniq_natasha, uniq_crazy_yiuf_cottage
D:3:      layout_loops_ring, pdpol_wu_jian_five_deadly_venoms,
          gammafunk_temple_overflow_statue, chequers_serial_rivers_large_b,
          kennysheep_generic_room_13
D:4:      layout_rooms, grunt_ashenzari_visionary
          [grunt_ashenzari_visionary_swamp, grunt_ashenzari_visionary_snake],
          uniq_menkaure, uniq_pikel, uniq_grinder, uniq_edmund

Skill      XL: |  1  2  3  4  5  6 |
---------------+-------------------+-----
Spellcasting   | 2 3 4 |  4.1
Fighting       | 1 2 3 |  3.8
Conjurations   | 4 5 |  5.5
Dodging        | |  1.7
Stealth        | |  1.7

Action                     |  1- 3 |  4- 6 |  7- 9 || total
---------------------------+-------+-------+-------++-------
  Melee: Rapier            |       |     4 |       ||     4
         Flail             |       |     4 |       ||     4
   Cast: Magic Dart        |    63 |    67 |     8 ||   138
         Searing Ray       |     5 |    20 |     5 ||    30
    Use: Scroll            |       |     7 |       ||     7
         Potion            |       |       |     1 ||     1
 Armour: Robe              |     1 |     5 |       ||     6
  Dodge: Dodged            |     2 |    32 |     6 ||    40

Table legend: (Time is in decaauts)
 A = Elapsed time spent in this place.
 B = Non-inter-level travel time spent in this place.
 C = Inter-level travel time spent in this place.
 D = Time resting spent in this place.
 E = Time spent auto-exploring this place.
 F = Levels seen in this place.
 G = Mean time per level.
                   A        B        C        D        E       F      G
               +--------+--------+--------+--------+--------+-----+--------+
         Total |   5284 |   5041 |    243 |   2071 |   2242 |   4 | 1321.0 |
       Dungeon |   5284 |   5041 |    243 |   2071 |   2242 |   4 | 1321.0 |
               +--------+--------+--------+--------+--------+-----+--------+

Top non-repeatable levels by time:
     D:3: 1543 daAuts
     D:1: 1397 daAuts
     D:2: 1287 daAuts
     D:4: 1056 daAuts
